Predators vs Flyers

Created - March 7 2008 at 20:29

Goals
1 2 3 T
Predators 0 1 2 3
Flyers 0 2 0 2
Shots
1 2 3 T
Predators 7 9 11 27
Flyers 6 7 8 21

Period #1

No Goal

Penalties :
Darryl Sydor (PHI) for Roughing (Minor) at 5:56, Scott Hartnell (NSH) for Roughing (Minor) at 12:37

Period #2

1. Flyers , Lee Stempniak 13 (Geoff Sanderson, Andy Hilbert) at 4:36 (PP)
2. Flyers , Lee Stempniak 14 (Mike Van Ryn) at 13:25 (PP)
3. Predators , Robert Lang 23 (Steve Sullivan, Scott Hartnell) at 14:45

Penalties :
Steve Sullivan (NSH) for Interference (Minor) at 1:29, Marek Zidlicky (NSH) for High sticking (Minor) at 2:03, Shea Weber (NSH) for Roughing (Minor) at 4:06, Derek Morris (NSH) for Hooking (Minor) at 8:37, Derek Morris (NSH) for Roughing (Minor) at 11:38, Mark Recchi (PHI) for Interference (Minor) at 15:59

Period #3

4. Predators , Scott Hartnell 27 (Robert Lang) at 0:12
5. Predators , Scott Hartnell 28 (Steve Sullivan, Robert Lang) at 8:17

Penalties :
Shea Weber (NSH) for Interference (Minor) at 1:14, Darryl Sydor (PHI) for Holding (Minor) at 6:17, Lee Stempniak (PHI) for Goalie Interference (Minor) at 11:19

Goalie Stats

Tomas Vokoun (NSH), 19 saves from 21 shots - (0.905), W, 35-23-4, 60:00 minutes
Chris Osgood (PHI), 24 saves from 27 shots - (0.889), L, 36-27-5, 59:47 minutes

Players Stats

Predators
Player Name              G  A  P  +/- PIM S  H  SB FO MP 
-----------------------------------------------------------
Craig Rivet              0  0  0   1  0   0  0  1  0  19 
David Legwand            0  0  0   0  0   2  1  1  17 22 
Derek Morris             0  0  0   0  4   0  1  0  0  20 
Jeff Carter              0  0  0   1  0   0  1  0  10 15 
Jordin Tootoo            0  0  0   0  0   0  0  0  0  6  
Josef Vasicek            0  0  0   0  0   0  0  0  1  7  
Justin Williams          0  0  0   0  0   3  2  0  0  17 
Marek Zidlicky           0  0  0   1  2   0  7  0  0  17 
Martin Erat              0  0  0   1  0   4  1  0  1  14 
Paul Kariya              0  0  0   0  0   1  1  0  1  15 
Robert Lang              1  2  3   2  0   2  1  0  22 21 
Ryan Suter               0  0  0   2  0   0  1  1  0  22 
Scott Hartnell           2  1  3   2  2   9  2  0  3  21 
Shea Weber               0  0  0   2  4   1  3  3  0  23 
Steve Sullivan           0  2  2   2  2   2  1  0  0  21 
Todd Bertuzzi            0  0  0   1  0   1  0  0  1  14 
Tomas Kaberle            0  0  0   0  0   2  1  2  0  22 
Vernon Fiddler           0  0  0   0  0   0  0  0  8  9  
Flyers
Player Name              G  A  P  +/- PIM S  H  SB FO MP 
-----------------------------------------------------------
Andy Hilbert             0  1  1  -1  0   2  1  1  14 21 
Brad Richards            0  0  0  -1  0   1  1  1  19 18 
Brent Seabrook           0  0  0  -1  0   0  2  4  0  24 
Darryl Sydor             0  0  0  -1  4   1  0  0  0  18 
Denis Gauthier           0  0  0  -1  0   0  1  0  0  19 
Dustin Penner            0  0  0  -1  0   1  1  0  2  18 
Geoff Sanderson          0  1  1  -1  0   0  0  0  1  19 
Jeff Friesen             0  0  0   0  0   1  2  0  2  11 
Jiri Hudler              0  0  0  -1  0   1  1  0  1  13 
Lee Stempniak            2  0  2  -1  2   6  1  0  0  20 
Mark Recchi              0  0  0  -1  2   3  3  0  2  18 
Michal Handzus           0  0  0  -1  0   3  2  0  11 17 
Mike Rathje              0  0  0  -1  0   0  0  1  0  16 
Mike Van Ryn             0  1  1  -2  0   0  3  0  0  23 
Owen Nolan               0  0  0   0  0   0  0  0  0  6  
Pavel Kubina             0  0  0   0  0   1  1  2  0  23 
Sami Kapanen             0  0  0  -1  0   0  1  0  3  15 
Samuel Pahlsson          0  0  0   0  0   1  1  1  9  10 

3 Stars

1 - Scott Hartnell (NSH)
2 - Robert Lang (NSH)
3 - Lee Stempniak (PHI)

Power Play

Predators - 0 on 4 Attempt(s) - 0.00%
Flyers - 2 on 7 Attempt(s) - 28.57%

Penalty Kill

Predators - 5 on 7 Attempt(s) - 71.43% - Score 0 goal in Penalty Kill
Flyers - 4 on 4 Attempt(s) - 100.00% - Score 0 goal in Penalty Kill

Game Notes

No Game Note

Finance

Level 1 -- Attendance: 5578 (92.97%) -- Ticket Income $502,020.00
Level 2 -- Attendance: 4476 (81.78%) -- Ticket Income $246,180.00
Level 3 -- Attendance: 1972 (70.43%) -- Ticket Income $49,300.00
Level 4 -- Attendance: 3546 (83.44%) -- Ticket Income $70,920.00
Luxury Box -- Attendance: 804 (80.40%) -- Ticket Income $140,700.00
Game was played at the Wachovia Center
Total Attendance: 16376 (83.88%)
Total Ticket Income: $1,048,170.00
Other Income: $122,312.40
Total Income: $1,170,482.00


Play by Play

Period #1

0:01 of 1st period - David Legwand wins face-off versus Brad Richards in neutral zone.
0:20 of 1st period - Shot by Justin Williams.
0:20 of 1st period - Shot Misses the Net.
0:22 of 1st period - Shot by Justin Williams.
0:22 of 1st period - Stopped by Chris Osgood without a rebound.
0:23 of 1st period - Andy Hilbert wins face-off versus Robert Lang in Flyers zone.
1:10 of 1st period - Off-side.
1:11 of 1st period - Brad Richards wins face-off versus David Legwand in neutral zone.
1:14 of 1st period - Shot by Dustin Penner.
1:14 of 1st period - Shot Misses the Net.
1:28 of 1st period - Shot by Paul Kariya.
1:28 of 1st period - Shot Blocked by Pavel Kubina.
1:43 of 1st period - Justin Williams is hit by Pavel Kubina and loses puck.
1:46 of 1st period - Shot by David Legwand.
1:46 of 1st period - Stopped by Chris Osgood without a rebound.
1:47 of 1st period - Michal Handzus wins face-off versus Jeff Carter in Flyers zone.
2:41 of 1st period - Jiri Hudler is hit by Shea Weber and loses puck.
2:59 of 1st period - Shot by Lee Stempniak.
2:59 of 1st period - Stopped by Tomas Vokoun with a rebound.
3:09 of 1st period - Shot by Geoff Sanderson.
3:09 of 1st period - Shot Misses the Net.
3:21 of 1st period - Shot by Andy Hilbert.
3:21 of 1st period - Stopped by Tomas Vokoun without a rebound.
3:22 of 1st period - David Legwand wins face-off versus Brad Richards in Predators zone.
3:26 of 1st period - Paul Kariya is hit by Mark Recchi and loses puck.
3:39 of 1st period - Shot by Justin Williams.
3:39 of 1st period - Shot Misses the Net.
3:52 of 1st period - Justin Williams is hit by Brent Seabrook and loses puck.
5:56 of 1st period - Minor Penalty to Darryl Sydor for Roughing.
5:57 of 1st period - Sami Kapanen wins face-off versus David Legwand in Flyers zone.
5:57 of 1st period - Brent Seabrook is hit by David Legwand and loses puck.
6:08 of 1st period - Brent Seabrook is hit by Justin Williams and loses puck.
6:33 of 1st period - Shot by Tomas Kaberle.
6:33 of 1st period - Stopped by Chris Osgood with a rebound.
6:54 of 1st period - Andy Hilbert is hit by Justin Williams and loses puck.
7:02 of 1st period - Icing by David Legwand.
7:03 of 1st period - Samuel Pahlsson wins face-off versus David Legwand in Predators zone.
7:12 of 1st period - Shot by Jeff Friesen.
7:12 of 1st period - Shot Misses the Net.
7:54 of 1st period - Shot by Shea Weber.
7:54 of 1st period - Shot Blocked by Brent Seabrook.
7:58 of 1st period - Shot by Steve Sullivan.
7:58 of 1st period - Shot Misses the Net.
8:01 of 1st period - Martin Erat is hit by Mike Van Ryn and loses puck.
8:10 of 1st period - Martin Erat is hit by Brad Richards and loses puck.
8:28 of 1st period - Mark Recchi is hit by Marek Zidlicky and loses puck.
9:19 of 1st period - Shot by Samuel Pahlsson.
9:19 of 1st period - Shot Misses the Net.
10:08 of 1st period - Off-side.
10:09 of 1st period - Jeff Carter wins face-off versus Andy Hilbert in neutral zone.
11:08 of 1st period - Justin Williams is hit by Mark Recchi.
11:34 of 1st period - Shot by David Legwand.
11:34 of 1st period - Shot Blocked by Brent Seabrook.
11:36 of 1st period - Shot by Justin Williams.
11:36 of 1st period - Stopped by Chris Osgood without a rebound.
11:37 of 1st period - Robert Lang wins face-off versus Michal Handzus in Flyers zone.
11:44 of 1st period - Shot by Shea Weber.
11:44 of 1st period - Shot Misses the Net.
11:46 of 1st period - Shot by Scott Hartnell.
11:46 of 1st period - Shot Misses the Net.
11:48 of 1st period - Shot by Steve Sullivan.
11:48 of 1st period - Stopped by Chris Osgood with a rebound.
11:50 of 1st period - Shot by Scott Hartnell.
11:50 of 1st period - Stopped by Chris Osgood without a rebound.
11:51 of 1st period - Andy Hilbert wins face-off versus Scott Hartnell in Flyers zone.
11:51 of 1st period - Andy Hilbert is hit by Steve Sullivan.
12:10 of 1st period - Shea Weber is hit by Andy Hilbert and loses puck.
12:33 of 1st period - Darryl Sydor is hit by Robert Lang and loses puck.
12:37 of 1st period - Minor Penalty to Scott Hartnell for Roughing.
12:38 of 1st period - Brad Richards wins face-off versus David Legwand in neutral zone.
12:49 of 1st period - Shot by Pavel Kubina.
12:49 of 1st period - Stopped by Tomas Vokoun without a rebound.
12:50 of 1st period - Josef Vasicek wins face-off versus Brad Richards in Predators zone.
14:11 of 1st period - Shot by Geoff Sanderson.
14:11 of 1st period - Shot Misses the Net.
14:15 of 1st period - Shot by Lee Stempniak.
14:15 of 1st period - Shot Misses the Net.
14:19 of 1st period - Shot by Lee Stempniak.
14:19 of 1st period - Shot Blocked by Tomas Kaberle.
14:45 of 1st period - Shea Weber is hit by Jiri Hudler and loses puck.
14:50 of 1st period - Shot by Jiri Hudler.
14:50 of 1st period - Shot Misses the Net.
14:52 of 1st period - Shot by Michal Handzus.
14:52 of 1st period - Shot Blocked by Ryan Suter.
14:54 of 1st period - Shot by Michal Handzus.
14:54 of 1st period - Stopped by Tomas Vokoun without a rebound.
14:55 of 1st period - Jeff Carter wins face-off versus Michal Handzus in Predators zone.
16:51 of 1st period - Shot by Lee Stempniak.
16:51 of 1st period - Shot Misses the Net.
17:35 of 1st period - Geoff Sanderson is hit by Tomas Kaberle and loses puck.
18:55 of 1st period - Shot by Shea Weber.
18:55 of 1st period - Stopped by Chris Osgood without a rebound.
18:56 of 1st period - Brad Richards wins face-off versus Robert Lang in Flyers zone.
18:56 of 1st period - Brad Richards is hit by Scott Hartnell.
19:04 of 1st period - Shot by Mark Recchi.
19:04 of 1st period - Shot Blocked by Shea Weber.
19:26 of 1st period - Shot by Dustin Penner.
19:26 of 1st period - Shot Misses the Net.
19:28 of 1st period - Shot by Pavel Kubina.
19:28 of 1st period - Deflect By Dustin Penner.
19:28 of 1st period - Shot Blocked by Shea Weber.
19:32 of 1st period - Shot by Mark Recchi.
19:32 of 1st period - Deflect By Brad Richards.
19:32 of 1st period - Stopped by Tomas Vokoun with a rebound.
19:36 of 1st period - Shot by Mark Recchi.
19:36 of 1st period - Shot Misses the Net.
19:38 of 1st period - Shot by Dustin Penner.
19:38 of 1st period - Stopped by Tomas Vokoun without a rebound.
19:39 of 1st period - Jeff Friesen wins face-off versus Vernon Fiddler in Predators zone.

Period #2

0:01 of 2nd period - Brad Richards wins face-off versus David Legwand in neutral zone.
0:52 of 2nd period - Icing by Mark Recchi.
0:53 of 2nd period - Robert Lang wins face-off versus Dustin Penner in Flyers zone.
1:29 of 2nd period - Minor Penalty to Steve Sullivan for Interference.
1:30 of 2nd period - David Legwand wins face-off versus Andy Hilbert in Flyers zone.
1:39 of 2nd period - Josef Vasicek is hit by Lee Stempniak and loses puck.
1:57 of 2nd period - Andy Hilbert is hit by Marek Zidlicky and loses puck.
2:03 of 2nd period - Minor Penalty to Marek Zidlicky for High sticking.
2:04 of 2nd period - Vernon Fiddler wins face-off versus Brad Richards in Predators zone.
2:04 of 2nd period - Vernon Fiddler is hit by Dustin Penner.
2:32 of 2nd period - Shot by Dustin Penner.
2:32 of 2nd period - Shot Misses the Net.
2:46 of 2nd period - Shot by Darryl Sydor.
2:46 of 2nd period - Stopped by Tomas Vokoun without a rebound.
2:47 of 2nd period - David Legwand wins face-off versus Andy Hilbert in Predators zone.
3:10 of 2nd period - Shot by Mike Van Ryn.
3:10 of 2nd period - Shot Blocked by Shea Weber.
3:14 of 2nd period - Shot by Andy Hilbert.
3:14 of 2nd period - Stopped by Tomas Vokoun without a rebound.
3:15 of 2nd period - Vernon Fiddler wins face-off versus Brad Richards in Predators zone.
4:04 of 2nd period - Shot by Michal Handzus.
4:04 of 2nd period - Stopped by Tomas Vokoun without a rebound.
4:05 of 2nd period - Michal Handzus wins face-off versus Robert Lang in Predators zone.
4:05 of 2nd period - Michal Handzus is hit by Ryan Suter.
4:06 of 2nd period - Minor Penalty to Shea Weber for Roughing.
4:07 of 2nd period - Andy Hilbert wins face-off versus Vernon Fiddler in Predators zone.
4:30 of 2nd period - Shot by Darryl Sydor.
4:30 of 2nd period - Shot Misses the Net.
4:32 of 2nd period - Shot by Lee Stempniak.
4:32 of 2nd period - Deflect By Andy Hilbert.
4:32 of 2nd period - Shot Misses the Net.
4:36 of 2nd period - Shot by Lee Stempniak.
4:36 of 2nd period - Goal by Lee Stempniak - Predators : 0 - Flyers : 1.
4:37 of 2nd period - Robert Lang wins face-off versus Sami Kapanen in neutral zone.
5:10 of 2nd period - Shot by Scott Hartnell.
5:10 of 2nd period - Stopped by Chris Osgood without a rebound.
5:11 of 2nd period - Jeff Carter wins face-off versus Samuel Pahlsson in Flyers zone.
5:28 of 2nd period - Shot by Martin Erat.
5:28 of 2nd period - Stopped by Chris Osgood without a rebound.
5:29 of 2nd period - Dustin Penner wins face-off versus David Legwand in Flyers zone.
6:49 of 2nd period - Todd Bertuzzi is hit by Sami Kapanen and loses puck.
7:06 of 2nd period - Shot by Sami Kapanen.
7:06 of 2nd period - Deflect By Michal Handzus.
7:06 of 2nd period - Stopped by Tomas Vokoun with a rebound.
7:08 of 2nd period - Shot by Sami Kapanen.
7:08 of 2nd period - Shot Misses the Net.
7:37 of 2nd period - Geoff Sanderson is hit by Jeff Carter and loses puck.
8:02 of 2nd period - Shot by Steve Sullivan.
8:02 of 2nd period - Shot Misses the Net.
8:04 of 2nd period - Shot by Steve Sullivan.
8:04 of 2nd period - Stopped by Chris Osgood with a rebound.
8:08 of 2nd period - Shot by Scott Hartnell.
8:08 of 2nd period - Shot Misses the Net.
8:10 of 2nd period - Shot by Scott Hartnell.
8:10 of 2nd period - Shot Hit the Post.
8:12 of 2nd period - Shot by Scott Hartnell.
8:12 of 2nd period - Shot Blocked by Andy Hilbert.
8:37 of 2nd period - Minor Penalty to Derek Morris for Hooking.
8:38 of 2nd period - Vernon Fiddler wins face-off versus Brad Richards in Predators zone.
9:30 of 2nd period - Jiri Hudler is hit by Marek Zidlicky and loses puck.
9:45 of 2nd period - Shot by Michal Handzus.
9:45 of 2nd period - Shot Misses the Net.
11:38 of 2nd period - Minor Penalty to Derek Morris for Roughing.
11:39 of 2nd period - David Legwand wins face-off versus Andy Hilbert in Predators zone.
12:08 of 2nd period - Icing by Lee Stempniak.
12:09 of 2nd period - Vernon Fiddler wins face-off versus Andy Hilbert in Flyers zone.
13:25 of 2nd period - Shot by Lee Stempniak.
13:25 of 2nd period - Goal by Lee Stempniak - Predators : 0 - Flyers : 2.
13:26 of 2nd period - Robert Lang wins face-off versus Jiri Hudler in neutral zone.
13:31 of 2nd period - Shot by Scott Hartnell.
13:31 of 2nd period - Stopped by Chris Osgood with a rebound.
13:35 of 2nd period - Shot by Steve Sullivan.
13:35 of 2nd period - Shot Misses the Net.
13:37 of 2nd period - Shot by Scott Hartnell.
13:37 of 2nd period - Deflect By Robert Lang.
13:37 of 2nd period - Shot Misses the Net.
13:39 of 2nd period - Shot by Steve Sullivan.
13:39 of 2nd period - Shot Misses the Net.
13:41 of 2nd period - Shot by Robert Lang.
13:41 of 2nd period - Stopped by Chris Osgood without a rebound.
13:42 of 2nd period - David Legwand wins face-off versus Samuel Pahlsson in Flyers zone.
13:43 of 2nd period - Shot by Paul Kariya.
13:43 of 2nd period - Shot Blocked by Samuel Pahlsson.
13:53 of 2nd period - Samuel Pahlsson is hit by Paul Kariya and loses puck.
14:06 of 2nd period - Tomas Kaberle is hit by Jeff Friesen and loses puck.
14:41 of 2nd period - Shot by Scott Hartnell.
14:41 of 2nd period - Stopped by Chris Osgood with a rebound.
14:45 of 2nd period - Shot by Robert Lang.
14:45 of 2nd period - Goal by Robert Lang - Predators : 1 - Flyers : 2.
14:46 of 2nd period - Brad Richards wins face-off versus Martin Erat in neutral zone.
14:58 of 2nd period - Martin Erat is hit by Mike Van Ryn and loses puck.
15:03 of 2nd period - Shot by Martin Erat.
15:03 of 2nd period - Stopped by Chris Osgood without a rebound.
15:04 of 2nd period - Andy Hilbert wins face-off versus Robert Lang in Flyers zone.
15:38 of 2nd period - Off-side.
15:39 of 2nd period - Mark Recchi wins face-off versus Jeff Carter in neutral zone.
15:59 of 2nd period - Minor Penalty to Mark Recchi for Interference.
16:00 of 2nd period - Robert Lang wins face-off versus Michal Handzus in neutral zone.
16:25 of 2nd period - Shot by Scott Hartnell.
16:25 of 2nd period - Shot Blocked by Pavel Kubina.
16:46 of 2nd period - Robert Lang is hit by Samuel Pahlsson and loses puck.
16:51 of 2nd period - Shot by Samuel Pahlsson.
16:51 of 2nd period - Shot Misses the Net.
17:59 of 2nd period - Shot by David Legwand.
17:59 of 2nd period - Stopped by Chris Osgood with a rebound.
18:32 of 2nd period - Shot by Lee Stempniak.
18:32 of 2nd period - Shot Blocked by Craig Rivet.
18:34 of 2nd period - Shot by Geoff Sanderson.
18:34 of 2nd period - Shot Misses the Net.
19:07 of 2nd period - Off-side.
19:08 of 2nd period - Vernon Fiddler wins face-off versus Michal Handzus in neutral zone.
19:31 of 2nd period - Shot by Sami Kapanen.
19:31 of 2nd period - Shot Blocked by Tomas Kaberle.
19:35 of 2nd period - Shot by Jiri Hudler.
19:35 of 2nd period - Stopped by Tomas Vokoun without a rebound.
19:36 of 2nd period - Robert Lang wins face-off versus Jeff Friesen in Predators zone.
19:40 of 2nd period - Icing by Steve Sullivan.
19:41 of 2nd period - Andy Hilbert wins face-off versus Robert Lang in Predators zone.
19:55 of 2nd period - Icing by Ryan Suter.
19:56 of 2nd period - Brad Richards wins face-off versus Robert Lang in Predators zone.

Period #3

0:01 of 3rd period - Brad Richards wins face-off versus David Legwand in neutral zone.
0:10 of 3rd period - Shot by Tomas Kaberle.
0:10 of 3rd period - Stopped by Chris Osgood without a rebound.
0:11 of 3rd period - Robert Lang wins face-off versus Andy Hilbert in Flyers zone.
0:12 of 3rd period - Shot by Scott Hartnell.
0:12 of 3rd period - Goal by Scott Hartnell - Predators : 2 - Flyers : 2.
0:13 of 3rd period - Robert Lang wins face-off versus Andy Hilbert in neutral zone.
0:18 of 3rd period - Shot by Scott Hartnell.
0:18 of 3rd period - Shot Misses the Net.
0:25 of 3rd period - Lee Stempniak is hit by Scott Hartnell and loses puck.
0:46 of 3rd period - Shot by Lee Stempniak.
0:46 of 3rd period - Deflect By Geoff Sanderson.
0:46 of 3rd period - Shot Misses the Net.
0:51 of 3rd period - Andy Hilbert is hit by Shea Weber and loses puck.
1:14 of 3rd period - Minor Penalty to Shea Weber for Interference.
1:15 of 3rd period - Brad Richards wins face-off versus David Legwand in Predators zone.
2:24 of 3rd period - Shot by Lee Stempniak.
2:24 of 3rd period - Stopped by Tomas Vokoun without a rebound.
2:25 of 3rd period - Vernon Fiddler wins face-off versus Mark Recchi in Predators zone.
2:39 of 3rd period - Off-side.
2:40 of 3rd period - David Legwand wins face-off versus Andy Hilbert in neutral zone.
3:05 of 3rd period - Shot by Lee Stempniak.
3:05 of 3rd period - Shot Misses the Net.
4:09 of 3rd period - Shot by Jeff Friesen.
4:09 of 3rd period - Stopped by Tomas Vokoun without a rebound.
4:10 of 3rd period - Brad Richards wins face-off versus Todd Bertuzzi in Predators zone.
4:12 of 3rd period - Mark Recchi is hit by Marek Zidlicky.
4:25 of 3rd period - Jeff Carter is hit by Brent Seabrook and loses puck.
5:07 of 3rd period - Icing by Craig Rivet.
5:08 of 3rd period - Andy Hilbert wins face-off versus Jeff Carter in Predators zone.
5:10 of 3rd period - Lee Stempniak is hit by Marek Zidlicky.
5:26 of 3rd period - Lee Stempniak is hit by Martin Erat and loses puck.
5:45 of 3rd period - Shot by Lee Stempniak.
5:45 of 3rd period - Shot Blocked by David Legwand.
6:10 of 3rd period - Shot by David Legwand.
6:10 of 3rd period - Deflect By Justin Williams.
6:10 of 3rd period - Stopped by Chris Osgood without a rebound.
6:11 of 3rd period - Robert Lang wins face-off versus Michal Handzus in Flyers zone.
6:17 of 3rd period - Minor Penalty to Darryl Sydor for Holding.
6:18 of 3rd period - Sami Kapanen wins face-off versus Robert Lang in Flyers zone.
7:33 of 3rd period - Shot by David Legwand.
7:33 of 3rd period - Shot Misses the Net.
8:08 of 3rd period - Icing by Steve Sullivan.
8:09 of 3rd period - Scott Hartnell wins face-off versus Samuel Pahlsson in Predators zone.
8:09 of 3rd period - Scott Hartnell is hit by Jeff Friesen.
8:15 of 3rd period - Shot by Steve Sullivan.
8:15 of 3rd period - Shot Misses the Net.
8:17 of 3rd period - Shot by Scott Hartnell.
8:17 of 3rd period - Goal by Scott Hartnell - Predators : 3 - Flyers : 2.
8:18 of 3rd period - Jeff Carter wins face-off versus Brad Richards in neutral zone.
8:34 of 3rd period - Mike Van Ryn is hit by Marek Zidlicky.
8:36 of 3rd period - Shot by Mark Recchi.
8:36 of 3rd period - Stopped by Tomas Vokoun with a rebound.
8:50 of 3rd period - Shot by Martin Erat.
8:50 of 3rd period - Shot Blocked by Brad Richards.
8:52 of 3rd period - Shot by Todd Bertuzzi.
8:52 of 3rd period - Stopped by Chris Osgood with a rebound.
8:54 of 3rd period - Shot by Todd Bertuzzi.
8:54 of 3rd period - Shot Misses the Net.
8:58 of 3rd period - Shot by Martin Erat.
8:58 of 3rd period - Stopped by Chris Osgood without a rebound.
8:59 of 3rd period - Robert Lang wins face-off versus Michal Handzus in Flyers zone.
9:27 of 3rd period - Jiri Hudler is hit by Shea Weber and loses puck.
10:01 of 3rd period - Paul Kariya is hit by Denis Gauthier and loses puck.
10:24 of 3rd period - Shot by Lee Stempniak.
10:24 of 3rd period - Stopped by Tomas Vokoun with a rebound.
10:28 of 3rd period - Shot by Lee Stempniak.
10:28 of 3rd period - Stopped by Tomas Vokoun without a rebound.
10:29 of 3rd period - Brad Richards wins face-off versus Jeff Carter in Predators zone.
10:29 of 3rd period - Mark Recchi is hit by Marek Zidlicky and loses puck.
10:36 of 3rd period - Shot by Brad Richards.
10:36 of 3rd period - Deflect By Mark Recchi.
10:36 of 3rd period - Stopped by Tomas Vokoun without a rebound.
10:37 of 3rd period - Samuel Pahlsson wins face-off versus Jeff Carter in Predators zone.
11:02 of 3rd period - Shot by Samuel Pahlsson.
11:02 of 3rd period - Stopped by Tomas Vokoun without a rebound.
11:03 of 3rd period - Geoff Sanderson wins face-off versus Robert Lang in Predators zone.
11:19 of 3rd period - Minor Penalty to Lee Stempniak for Goalie Interference.
11:20 of 3rd period - Paul Kariya wins face-off versus Samuel Pahlsson in neutral zone.
11:51 of 3rd period - Off-side.
11:52 of 3rd period - Michal Handzus wins face-off versus Robert Lang in neutral zone.
12:01 of 3rd period - Shot by Scott Hartnell.
12:01 of 3rd period - Stopped by Chris Osgood without a rebound.
12:02 of 3rd period - Robert Lang wins face-off versus Michal Handzus in Flyers zone.
12:15 of 3rd period - Shot by Ryan Suter.
12:15 of 3rd period - Shot Blocked by Mike Rathje.
12:17 of 3rd period - Shot by Steve Sullivan.
12:17 of 3rd period - Deflect By Scott Hartnell.
12:17 of 3rd period - Stopped by Chris Osgood without a rebound.
12:18 of 3rd period - Samuel Pahlsson wins face-off versus David Legwand in Flyers zone.
13:13 of 3rd period - Icing by Ryan Suter.
13:14 of 3rd period - Robert Lang wins face-off versus Samuel Pahlsson in Predators zone.
13:42 of 3rd period - Todd Bertuzzi is hit by Mike Van Ryn and loses puck.
15:10 of 3rd period - Icing by Brent Seabrook.
15:11 of 3rd period - David Legwand wins face-off versus Brad Richards in Flyers zone.
15:12 of 3rd period - Shot by Paul Kariya.
15:12 of 3rd period - Stopped by Chris Osgood with a rebound.
15:24 of 3rd period - Mark Recchi is hit by Derek Morris and loses puck.
15:31 of 3rd period - Shot by Mark Recchi.
15:31 of 3rd period - Stopped by Tomas Vokoun without a rebound.
15:32 of 3rd period - Jeff Carter wins face-off versus Michal Handzus in Predators zone.
15:32 of 3rd period - Jeff Carter is hit by Michal Handzus.
15:48 of 3rd period - Shot by Jeff Carter.
15:48 of 3rd period - Shot Misses the Net.
16:04 of 3rd period - Shot by Martin Erat.
16:04 of 3rd period - Stopped by Chris Osgood with a rebound.
16:20 of 3rd period - Justin Williams is hit by Michal Handzus and loses puck.
17:13 of 3rd period - Shot by Steve Sullivan.
17:13 of 3rd period - Shot Misses the Net.
17:15 of 3rd period - Shot by Scott Hartnell.
17:15 of 3rd period - Stopped by Chris Osgood without a rebound.
17:16 of 3rd period - Scott Hartnell wins face-off versus Brad Richards in Flyers zone.
17:51 of 3rd period - Steve Sullivan is hit by Mark Recchi and loses puck.
18:00 of 3rd period - Shot by Mark Recchi.
18:00 of 3rd period - Shot Misses the Net.
18:28 of 3rd period - Icing by Ryan Suter.
18:29 of 3rd period - Samuel Pahlsson wins face-off versus Robert Lang in Predators zone.
19:08 of 3rd period - Shot by Paul Kariya.
19:08 of 3rd period - Deflect By Justin Williams.
19:08 of 3rd period - Shot Blocked by Brent Seabrook.
19:10 of 3rd period - Shot by David Legwand.
19:10 of 3rd period - Shot Blocked by Brent Seabrook.
19:12 of 3rd period - Shot by Justin Williams.
19:12 of 3rd period - Shot Misses the Net.
19:47 of 3rd period - Flyers, Chris Osgood is pulled from the net.


Output by the SimonT Hockey Simulator (STHS) for Stephane Roy -- Original Page W3C XHTML 1.0 Valid